 Dungeon Crawl Stone Soup version 0.28-a0-773-g130ae17fe5 (webtiles) character file.

Game seed: 18137668403166056790

1020 ders the Skirmisher (level 8, -16/54 HPs)
             Began as a Gargoyle Fighter on Nov 1, 2021.
             Killed from afar by a gargoyle (20 damage)
             ... with a stone arrow
             ... on level 5 of the Dungeon on Nov 2, 2021.
             The game lasted 00:08:54 (4911 turns).

ders the Skirmisher (Gargoyle Fighter)              Turns: 4911, Time: 00:08:55

Health: -16/54     AC: 15    Str: 20 (23) XL:     8   Next: 22%
Magic:  8/8        EV:  9    Int:  8      God:
Gold:   197        SH:  4    Dex:  8 (9)  Spells: 7/7 levels left

rFire   . . .      SeeInvis .   e - +0 flail (drain)
rCold   . . .      Faith    .   c - +0 buckler
rNeg    + . .      Spirit   .   b - +0 scale mail
rPois   ∞          Reflect  .   (no helmet)
rElec   +          Harm     .   p - +0 cloak
rCorr   .          Rampage  .   f - +0 pair of gloves
Will    .....                   i - +0 pair of boots
Stlth   ..........              (no amulet)
HPRegen 0.18/turn               (no ring)
MPRegen 0.11/turn               (no ring)

@: brilliant
A: sickness immunity, AC +5, negative energy resistance 1, electricity
resistance, torment resistance 1, petrification resistance
a: no special abilities


You were on level 5 of the Dungeon.
You visited 1 branch of the dungeon, and saw 6 of its levels.

You collected 197 gold pieces.

Inventory:

Hand Weapons
 a - a +0 flail
 e - a +0 flail of draining (weapon)
Missiles
 l - a throwing net (quivered)
Armour
 b - a +0 scale mail (worn)
 c - a +0 buckler (worn)
 f - a +0 pair of gloves (worn)
 i - a +0 pair of boots (worn)
 p - a +0 cloak (worn)
Wands
 g - a wand of acid (5)
 k - a wand of iceblast (3)
Scrolls
 d - a scroll of amnesia
 h - a scroll of identify
Potions
 j - a potion of brilliance


   Skills:
 * Level 7.9 Fighting
 * Level 6.8 Maces & Flails
 - Level 3.2 Armour
 - Level 3.2 Shields


You had 7 spell levels left.
You didn't know any spells.
Your spell library contained the following spells:

 Spells                   Type           Power      Damage    Failure   Level
 Freeze                   Ice            0%         1d3       80%         1
 Frozen Ramparts          Ice            0%         1d2       99%         3
 Hailstorm                Conj/Ice       0%         3d3       100%        4


Dungeon Overview and Level Annotations

Branches:
Dungeon (6/15)
 Temple: D:4-7

Altars:
Qazlal

Shops:
D:2 :

Annotations:
D:5 2 runed translucent doors


Innate Abilities, Weirdness & Mutations

You are immune to sickness and miasma.
Your stone body is resilient. (AC +5)
You are immune to poison.
You resist negative energy. (rN+)
You are resistant to electric shocks. (rElec)
You are resistant to unholy torment.
You are immune to petrification.


Message History

Level annotation: 2 runed translucent doors
There is a stone staircase leading down here.
You hit the gargoyle but do no damage. The gargoyle closely misses you.
You hit the gargoyle.
The gargoyle is lightly damaged.
The gargoyle completely misses you.
You hit the gargoyle but do no damage.
The gargoyle is lightly damaged.
The gargoyle completely misses you.
You barely miss the gargoyle.
The gargoyle is lightly damaged.
The gargoyle hits you but does no damage.
You hit the gargoyle but do no damage.
The gargoyle is lightly damaged.
The gargoyle hits you with a +0 morningstar!
You hit the gargoyle but do no damage.
The gargoyle is lightly damaged.
The gargoyle closely misses you.
You hit the gargoyle but do no damage.
The gargoyle is lightly damaged.
The gargoyle barely misses you.
You hit the gargoyle.
The gargoyle is lightly damaged.
The gargoyle hits you with a +0 morningstar.
You hit the gargoyle.
The gargoyle is moderately damaged.
The gargoyle hurls a stone arrow at you.
The stone arrow misses you.
The gargoyle hurls a stone arrow at you.
The stone arrow hits you!!
* * * LOW HITPOINT WARNING * * *
It was a potion of brilliance.
You feel clever all of a sudden.
The gargoyle hurls a stone arrow at you.
The stone arrow hits you!
* * * LOW HITPOINT WARNING * * *
It was a potion of magic.
Magic courses through your body.
The gargoyle hurls a stone arrow at you.
The stone arrow hits you!!
You die...

.......## ###.###.......#
........###########............##
.........[............###.......#
........###......##.....##...#...
.......## #.####.##..##.###.#...#
.......# #.####.##..##.# #.#....
......## #.##........#.# #......
.####.# #.##.#9##...#.#####...#
..###.#####....†@#.......# #...#
...##.##.....#.###.).....####...#
...##.##.....#.# #.#.............
.......#.......# #.##............
.......#.....### #...............
#...##.#.....# #......#####...#
#.#.##.####### #.##.#.# #...#
#.#.##.# #.#..#.# #...# #.....>#
#.#.##.# #...#


You could see a gargoyle.

Vanquished Creatures
  Sigmund (D:3)
  A black bear (D:5)
  An ice beast (D:5)
  2 ogres
  A scorpion (D:4)
  2 killer bees (D:5)
  2 hounds
  2 jellies (D:5)
  An iguana (D:4)
  Ijyb (D:5)
  4 gnolls (D:4)
  6 adders
  3 worms
  A dart slug (D:3)
  4 orcs
  8 ball pythons
  6 bats
  8 endoplasms
  2 giant cockroaches
  6 goblins
  5 hobgoblins
  4 jackals (D:2)
  2 quokkas
  3 frilled lizards
  5 kobolds
  6 rats
87 creatures vanquished.

Notes
Turn   | Place    | Note
-------+----------+-------------------------------------------
     0 | D:1      | ders the Gargoyle Fighter began the quest for the Orb.
     0 | D:1      | Reached XP level 1. HP: 14/14 MP: 1/1
   151 | D:1      | Reached XP level 2. HP: 19/19 MP: 2/2
   502 | D:1      | Reached XP level 3. HP: 8/24 MP: 3/3
   701 | D:1      | Reached skill level 4 in Fighting
  1247 | D:2      | Found Pestuumu's Book Emporium.
  1880 | D:3      | Reached XP level 4. HP: 28/30 MP: 4/4
  2243 | D:3      | Noticed a great orb of eyes
  2244 | D:3      | Found a faded altar of an unknown god.
  2249 | D:3      | Noticed an eye of devastation
  2249 | D:3      | Noticed a shining eye
  2249 | D:3      | Noticed an eye of devastation
  2376 | D:3      | Noticed Sigmund
  2399 | D:3      | Killed Sigmund
  2400 | D:3      | Reached skill level 5 in Fighting
  2400 | D:3      | Reached XP level 5. HP: 34/36 MP: 5/5
  2400 | D:3      | Reached XP level 6. HP: 39/41 MP: 6/6
  2577 | D:4      | Identified the +1 robe of Woteve {Drain rF+ Stlth+}
  2612 | D:4      | You fall into a shaft and drop 2 floors!
  2612 | D:6      | Noticed a gargoyle
  2612 | D:6      | Noticed a black bear
  2630 | D:5      | Entered Level 5 of the Dungeon
  2734 | D:5      | Noticed an ice beast
  2752 | D:5      | Reached skill level 6 in Fighting
  2982 | D:5      | Reached skill level 5 in Maces & Flails
  3062 | D:4      | Reached XP level 7. HP: 36/47 MP: 7/7
  3242 | D:4      | Found a stormy altar of Qazlal.
  3819 | D:5      | Reached skill level 7 in Fighting
  4061 | D:5      | Noticed Ijyb
  4082 | D:5      | Killed Ijyb
  4327 | D:5      | Reached XP level 8. HP: 53/53 MP: 8/8
  4601 | D:5      | Found a runed translucent door.
  4602 | D:5      | Found a runed translucent door.
  4911 | D:5      | Killed from afar by a gargoyle

Illustrated notes

Levels and vault maps discovered:
D:1:      roderic_chinese_lattice_arrival, layout_loops_ring,
          serial_bayou_pond_b
D:2:      layout_loops_ring, serial_shops, shop
D:3:      layout_rooms, hellmonk_ecumenical_altar_watching_god,
          skrybe_limestone_x, uniq_sigmund
D:4:      layout_rooms, grunt_qazlal_clouds
D:5:      lemuel_insect_pit, layout_loops_cross, uniq_ijyb
D:6:      kennysheep_big_flooded_room, layout_layer_cave,
          gammafunk_temple_overflow_claw, uniq_maggie, uniq_blork_the_orc

Skill      XL: |  1  2  3  4  5  6  7 |
---------------+----------------------+-----
Fighting       | 4 5 6 7 |  7.9
Maces & Flails | 3 4 5 6 |  6.8
Armour         | |  3.2
Shields        | |  3.2

Action                   |  1- 3 |  4- 6 |  7- 9 || total
-------------------------+-------+-------+-------++-------
Melee: Flail             |   175 |    84 |   115 ||   374
  Use: Potion            |       |     4 |     5 ||     9
       Scroll            |       |     7 |     1 ||     8
Armor: Scale mail        |   102 |    51 |    75 ||   228
Dodge: Dodged            |    84 |    42 |    73 ||   199
Block: Buckler           |    39 |    17 |    15 ||    71

Table legend: (Time is in decaauts)
 A = Elapsed time spent in this place.
 B = Non-inter-level travel time spent in this place.
 C = Inter-level travel time spent in this place.
 D = Time resting spent in this place.
 E = Time spent auto-exploring this place.
 F = Levels seen in this place.
 G = Mean time per level.
                   A        B        C        D        E       F      G
               +--------+--------+--------+--------+--------+-----+--------+
         Total |   4997 |   4841 |    156 |   1457 |   2365 |   6 |  832.8 |
       Dungeon |   4997 |   4841 |    156 |   1457 |   2365 |   6 |  832.8 |
               +--------+--------+--------+--------+--------+-----+--------+

Top non-repeatable levels by time:
     D:5: 1527 daAuts
     D:1: 1139 daAuts
     D:4: 931 daAuts
     D:2: 728 daAuts
     D:3: 644 daAuts
     D:6: 26 daAuts
